 Dungeon Crawl Stone Soup version 0.28-a0-828-g0121872642 (webtiles) character file.

Game seed: 14462837764317606422

90 croobank the Digger (level 4, 0/36 HPs)
             Began as a Draconian Earth Elementalist on Nov 10, 2021.
             Slain by a gnoll (1 damage)
             ... on level 3 of the Dungeon.
             The game lasted 00:09:20 (1531 turns).

croobank the Digger (Draconian Earth Elementalist)  Turns: 1531, Time: 00:09:23

Health: 0/36       AC:  6    Str: 11    XL:     4   Next: 32%
Magic:  3/7        EV: 12    Int: 16    God:
Gold:   81         SH:  0    Dex: 11    Spells: 5/8 levels left

rFire   . . .      SeeInvis .   d - +1 short sword (speed)
rCold   . . .      Faith    .   (no shield)
rNeg    . . .      Spirit   .   (armour unavailable)
rPois   .          Reflect  .   (helmet restricted)
rElec   .          Harm     .   (no cloak)
rCorr   .          Rampage  .   (no gloves)
Will    .....                   h - +0 pair of boots
Stlth   ++........              (no amulet)
HPRegen 0.12/turn               (no ring)
MPRegen 0.10/turn               (no ring)

@: brilliant, about to teleport
A: AC +5, unfitting armour, cold-blooded
a: no special abilities


You were on level 3 of the Dungeon.
You visited 1 branch of the dungeon, and saw 3 of its levels.

You collected 81 gold pieces.

Inventory:

Hand Weapons
 c - a +4 short sword
 d - a +1 short sword of speed (weapon)
 k - a +1 dagger of speed
Missiles
 b - 120 stones
Armour
 h - a +0 pair of boots (worn)
Jewellery
 n - an amulet of faith
Scrolls
 e - 2 scrolls of teleportation
 g - a scroll of brand weapon {unknown}
 i - a scroll of enchant armour {unknown}
 j - a scroll of magic mapping {unknown}
 l - a scroll of holy word {unknown}
Potions
 a - a potion of mutation


   Skills:
 * Level 2.0 Fighting
 + Level 0.7 Short Blades
 + Level 2.1 Dodging
 + Level 1.9 Stealth
 + Level 2.5 Spellcasting
 + Level 1.0 Transmutations
 + Level 3.9 Earth Magic


You had 5 spell levels left.
You knew the following spells:

 Your Spells              Type           Power      Damage    Failure   Level
a - Sandblast             Erth           42%        2d11      4%          1
b - Passwall              Tmut/Erth      11%        N/A       11%         2

Your spell library contained the following spells:

 Spells                   Type           Power      Damage    Failure   Level
 Stone Arrow              Conj/Erth      24%        3d8       26%         3
 Petrify                  Tmut/Erth      14%        N/A       56%         4


Dungeon Overview and Level Annotations

Branches:
Dungeon (3/15)

Altars:

Annotations:
D:3 Jessica


Innate Abilities, Weirdness & Mutations

Your plain brown scales are hard. (AC +5)
You cannot fit into any form of body armour.
You are cold-blooded and may be slowed by cold attacks.


Message History

Aim: Jessica, wielding a +0 dagger and wearing a +0 robe (fast, 79% to hit)
The blast of sand hits Jessica!
Jessica is almost dead.
Jessica misses you. The gnoll hits you but does no damage.
It was a potion of curing.
You feel better. Jessica gestures at you while chanting.
Pain shoots through your body!
* * * LOW HITPOINT WARNING * * *
The rat closely misses you.
The gnoll hits you from afar with a +0 spear.
* * * LOW HITPOINT WARNING * * *
The gnoll hits you with a +0 club.
* * * LOW HITPOINT WARNING * * *
The kobold hits you but does no damage.
Jessica casts a spell.
Jessica blinks!
It was a potion of brilliance.
You feel clever all of a sudden. The bat misses you.
The rat closely misses you.
Jessica gestures wildly while chanting.
Jessica blinks!
The gnoll hits you but does no damage. x2
The kobold misses you.
Aiming: Sandblast (safe; 4% risk of failure)
Press: ? - help, Q - select action, (/) - cycle Shift-Dir - straight line, f - gnoll, p - Jessica
Aim: a gnoll, wielding a +0 club (83% to hit)
You feel a surge of power!
The blast of sand hits the gnoll.
The gnoll is heavily wounded.
The bat hits you but does no damage. The rat closely misses you.
The gnoll hits you from afar with a +0 spear.
* * * LOW HITPOINT WARNING * * *
The gnoll hits you but does no damage. The kobold hits you but does no damage.
Jessica gestures wildly while chanting.
Jessica blinks!
As you read the scroll labelled FYPIUTHRINWI, it crumbles to dust.
You feel strangely unstable.
It was a scroll of teleportation.
The bat hits you but does no damage. The rat bites you but does no damage.
Jessica casts a spell.
Jessica blinks!
The gnoll hits you from afar with a +0 spear.
You die...

#..............
.#...............
.................
.......)....@....
......)..........
#.....<........ยง
##...$g........$
##...gg#K......
######@b.....>
#.r......
#........
#........
#........
#........
.........
.........


You could see 3 gnolls, Jessica (fast), a bat, a kobold and a rat.

Vanquished Creatures
  An orc wizard (D:3)
  An adder (D:2)
  A gnoll (D:3)
  An ufetubus (D:2)
  A worm (D:3)
  A dart slug (D:2)
  2 endoplasms (D:2)
  A giant cockroach (D:2)
  2 goblins
  5 hobgoblins
  3 jackals (D:2)
  A quokka (D:1)
  2 ball pythons
  4 bats (D:1)
  2 frilled lizards
  4 kobolds
  5 rats
37 creatures vanquished.

Notes
Turn   | Place    | Note
-------+----------+-------------------------------------------
     0 | D:1      | croobank the Draconian Earth Elementalist began the quest
                  | for the Orb.
     0 | D:1      | Reached XP level 1. HP: 14/14 MP: 3/3
     3 | D:1      | Noticed an electric eel
     4 | D:1      | Noticed an electric eel
   342 | D:1      | Reached skill level 1 in Fighting
   342 | D:1      | Reached XP level 2. HP: 23/23 MP: 5/5
   999 | D:2      | Reached XP level 3. HP: 23/28 MP: 1/6
  1210 | D:2      | Learned a level 2 spell: Passwall
  1332 | D:2      | Found a faded altar of an unknown god.
  1519 | D:3      | Noticed Jessica
  1524 | D:3      | Reached XP level 4. HP: 17/36 MP: 4/7
  1530 | D:3      | HP: 1/36 [gnoll (2)]
  1531 | D:3      | Slain by a gnoll

Illustrated notes

Levels and vault maps discovered:
D:1:      arrival_aquarium_b, layout_basic
D:2:      layout_rooms, shapermc_ecumenical_altar_mp_highgroup
D:3:      layout_rooms, uniq_jessica, uniq_robin, uniq_grinder

Skill      XL: |  1  2  3 |
---------------+----------+-----
Fighting       | 1 2 |  2.0
Dodging        | 2 |  2.1
Short Blades   | |  0.7
Stealth        | |  1.9
Spellcasting   | |  2.5
Transmutations | |  1.0
Earth Magic    | |  3.9

Action                   |  1- 3 |  4- 6 || total
-------------------------+-------+-------++-------
Melee: Short sword       |    52 |       ||    52
       Unarmed           |     3 |       ||     3
       Tailslap          |     5 |       ||     5
 Cast: Sandblast         |    28 |     2 ||    30
  Use: Scroll            |     1 |     1 ||     2
       Potion            |       |     2 ||     2
Armor: Skin              |    24 |     9 ||    33
Dodge: Dodged            |    54 |     6 ||    60

Table legend: (Time is in decaauts)
 A = Elapsed time spent in this place.
 B = Non-inter-level travel time spent in this place.
 C = Inter-level travel time spent in this place.
 D = Time resting spent in this place.
 E = Time spent auto-exploring this place.
 F = Levels seen in this place.
 G = Mean time per level.
                   A        B        C        D        E       F      G
               +--------+--------+--------+--------+--------+-----+--------+
         Total |   1536 |   1510 |     26 |    225 |    927 |   3 |  512.0 |
       Dungeon |   1536 |   1510 |     26 |    225 |    927 |   3 |  512.0 |
               +--------+--------+--------+--------+--------+-----+--------+

Top non-repeatable levels by time:
     D:2: 842 daAuts
     D:1: 676 daAuts
     D:3: 17 daAuts
